 Dungeon Crawl Stone Soup version 0.23.2-1-ga50397a6bc (webtiles) character file.

Game seed: 6138988802499850320

227 Amplified the Cudgeler (level 5, -1/46 HPs)
             Began as a Draconian Berserker on May 5, 2019.
             Was a Believer of Trog.
             Slain by an orc
             ... wielding a +0 dagger
              (6 damage)
             ... on level 4 of the Dungeon.
             The game lasted 00:03:01 (2051 turns).

Amplified the Cudgeler (Draconian Berserker)        Turns: 2051, Time: 00:03:01

Health: -1/46      AC:  8    Str: 19    XL:     5   Next: 70%
Magic:  0/5        EV: 12    Int: 12    God:    Trog [**....]
Gold:   64         SH:  3    Dex: 12    Spells: 4/4 levels left

rFire    . . .     SeeInvis .   a - +1 mace
rCold    . . .     Gourm    .   h - +0 buckler
rNeg     . . .     Faith    .   (armour unavailable)
rPois    .         Spirit   +   (helmet restricted)
rElec    .         Reflect  .   l - scarf {Spirit}
rCorr    .         Harm     .   (no gloves)
MR       ++...                  m - +2 pair of boots {Stlth+}
Stlth    +++.......             (no amulet)
HPRegen  1.15/turn              (no ring)
MPRegen  0.09/turn              (no ring)

@: brilliant, lethally poisoned (-1 -> -1), berserk cooldown, regenerating,
slowed, very slow
A: unfitting armour, cold-blooded, AC +5
a: Berserk, Trog's Hand, Renounce Religion


You were on level 4 of the Dungeon.
You worshipped Trog.
Trog was pleased with you.
You were very hungry.

You visited 1 branch of the dungeon, and saw 4 of its levels.

You collected 64 gold pieces.

Inventory:

Hand Weapons
 a - a +1 mace (weapon)
Missiles
 d - 26 poisoned needles
Armour
 h - a +0 buckler (worn)
 l - a scarf of spirit shield (worn)
 m - a +2 pair of boots of stealth (worn)
Jewellery
 g - an uncursed amulet of guardian spirit {unknown}
 i - an uncursed ring of wizardry {unknown}
Wands
 n - a wand of flame (17)
Scrolls
 j - a scroll of magic mapping
 k - a scroll of remove curse
Comestibles
 b - 3 rations


   Skills:
 + Level 4.3 Fighting
 * Level 4.8 Maces & Flails
 - Level 2.9 Dodging
 * Level 2.7 Stealth
 - Level 0.5 Shields


You had 4 spell levels left.
You didn't know any spells.
Your spell library was empty.

Dungeon Overview and Level Annotations

Branches:
Dungeon (4/15)
 Temple: D:4-7

Altars:
Ashenzari


Innate Abilities, Weirdness & Mutations

Your plain brown scales are hard. (AC +5)
You cannot fit into any form of body armour.
You are cold-blooded and may be slowed by cold attacks.


Message History

The adder barely misses you. Something hits you but does no damage.
The orc hits you with a +0 dagger.
* * * LOW HITPOINT WARNING * * *
The orc hits you but does no damage. The adder bites you but does no damage.
Something hits you.
* * * LOW HITPOINT WARNING * * *
Unknown command.
Wield which item (- for none, * to show all)? (? for menu, Esc to quit)
Okay, then.
Evoke which item? (* to show all) (? for menu, Esc to quit)
Aiming: Throw Flame
Press: ? - help, Shift-Dir - straight line, f - adder
Aim: an adder The puff of flame misses the adder.
You feel sick. The orc completely misses you. The adder bites you.
* * * LOW HITPOINT WARNING * * *
You are more poisoned.
The adder poisons you! You block the orc's attack.
Something hits you but does no damage. The orc hits you with a +0 dagger!
You die...

..>....................
........................
..........).............
.........)..............
.........)..............
#.......)$.............
#......................
#...%.So...............
#.....@o...............
#......................
#....##.................
..... ##................
.## ###.............#
#.......######.#
.........# ####..
...#####.. #..... .##
##. ##....


You could see an adder and 2 orcs.

Vanquished Creatures
  An orc wizard (D:4)
  An orc priest (D:4)
  Natasha (D:2)
  2 worker ants
  3 adders
  2 oozes (D:1)
  A worm (D:2)
  2 leopard geckos (D:2)
  3 orcs (D:4)
  6 giant cockroaches
  7 goblins
  5 hobgoblins
  4 kobolds
  3 quokkas
  4 bats
  3 frilled lizards
  9 rats
57 creatures vanquished.

Notes
Turn   | Place    | Note
-------+----------+-------------------------------------------
     0 | D:1      | Amplified the Draconian Berserker began the quest for the
                  | Orb.
     0 | D:1      | Reached XP level 1. HP: 19/19 MP: 1/1
    93 | D:1      | Reached XP level 2. HP: 26/26 MP: 2/2
   738 | D:2      | Reached XP level 3. HP: 31/31 MP: 3/3
   748 | D:2      | Reached ** piety under Trog
  1307 | D:2      | Reached skill level 1 in Stealth
  1330 | D:2      | Reached XP level 4. HP: 40/40 MP: 4/4
  1423 | D:2      | Noticed Natasha
  1433 | D:2      | Killed Natasha
  1880 | D:4      | Reached XP level 5. HP: 43/46 MP: 3/5
  2001 | D:4      | Found a shattered altar of Ashenzari.
  2051 | D:4      | Slain by an orc

Skill      XL: |  1  2  3  4 |
---------------+-------------+-----
Maces & Flails | 4 |  4.8
Stealth        | 1 2 |  2.7
Fighting       | 4 |  4.3
Dodging        | |  2.9
Shields        | |  0.5

Action                   |  1- 3 |  4- 6 || total
-------------------------+-------+-------++-------
Melee: Mace              |   151 |    47 ||   198
       Tailslap          |    17 |     8 ||    25
Invok: Berserk           |     1 |     2 ||     3
       Trog's Hand       |       |     2 ||     2
Evoke: Wand              |       |     1 ||     1
  Use: Scroll            |     3 |     1 ||     4
       Potion            |       |     2 ||     2
 Stab: Sleeping          |     4 |     2 ||     6
  Eat: Chunk             |     2 |     4 ||     6
Armor: Skin              |    49 |    44 ||    93
Dodge: Dodged            |    79 |    47 ||   126
Block: Buckler           |    26 |    11 ||    37
